 Dungeon Crawl Stone Soup version 0.27-a0-652-g2d5cf1dcd3 (webtiles) character file.

Game seed: 4126158826518727136

26 Johnny the Digger (level 2, -1/16 HPs)
             Began as a Deep Elf Earth Elementalist on Mar 16, 2021.
             Slain by a goblin
             ... wielding a +0 club
              (7 damage)
             ... on level 1 of the Dungeon.
             The game lasted 00:00:36 (1115 turns).

Johnny the Digger (Deep Elf Earth Elementalist)     Turns: 1115, Time: 00:00:36

Health: -1/16      AC:  2    Str:  5    XL:     2   Next: 89%
Magic:  0/8        EV: 12    Int: 19    God:
Gold:   27         SH:  0    Dex: 15    Spells: 7/8 levels left

rFire    + . .     SeeInvis .   (no weapon)
rCold    . . .     Faith    .   (no shield)
rNeg     . . .     Spirit   .   c - +0 robe
rPois    .         Reflect  .   (no helmet)
rElec    .         Harm     .   (no cloak)
rCorr    .         Rampage  .   (no gloves)
Will     .....                  (no boots)
Stlth    ++........             (no amulet)
HPRegen  0.05/turn              d - ring of protection from fire
MPRegen  0.11/turn              (no ring)

@: very slightly contaminated
A: no striking features
a: no special abilities


You were on level 1 of the Dungeon.
You visited 1 branch of the dungeon, and saw 1 of its levels.

You collected 27 gold pieces.

Inventory:

Missiles
 b - 33 stones
Armour
 c - a +0 robe (worn)
Jewellery
 d - a ring of protection from fire (right hand)
Scrolls
 f - a scroll of identify {unknown}
Potions
 a - a potion of heal wounds {unknown}
 e - a potion of magic {unknown}
 g - a potion of resistance {unknown}


   Skills:
 * Level 1.4 Fighting
 - Level 2.4 Dodging
 - Level 2.4 Stealth
 + Level 3.5 Spellcasting
 - Level 1.1 Transmutations
 + Level 3.6 Earth Magic


You had 7 spell levels left.
You knew the following spells:

 Your Spells              Type           Power      Damage    Failure   Level
a - Sandblast             Erth           34%        2d9       3%          1

Your spell library contained the following spells:

 Spells                   Type           Power      Damage    Failure   Level
 Passwall                 Tmut/Erth      10%        N/A       9%          2
 Stone Arrow              Conj/Erth      20%        3d8       21%         3
 Petrify                  Tmut/Erth      12%        N/A       47%         4
 Lee's Rapid Deconstruct  Erth           8%         3d8*      65%         5


Dungeon Overview and Level Annotations

Branches:
Dungeon (1/15)

Altars:


Message History

Press: ? - help, Shift-Dir - straight line, f/p - goblin
Aim: a goblin, wielding a +0 dagger (severely wounded, 26% to evade)
The blast of sand hits the goblin.
You kill the goblin!
The goblin hits you with a +0 dagger.
Casting: Sandblast (safe; 3% risk of failure)
Confirm with . or Enter, or press ? or * to list all spells.
Aiming: Sandblast (safe; 3% risk of failure)
Press: ? - help, Shift-Dir - straight line, f - goblin
Aim: a goblin, wielding a +0 dagger (26% to evade)
The blast of sand hits the goblin!
You kill the goblin!
Casting: Sandblast (safe; 3% risk of failure)
Confirm with . or Enter, or press ? or * to list all spells.
Aiming: Sandblast (safe; 3% risk of failure)
Press: ? - help, Shift-Dir - straight line, f - rat
Aim: a rat (21% to evade)
The blast of sand misses the rat.
The rat closely misses you.
Casting: Sandblast (safe; 3% risk of failure)
Confirm with . or Enter, or press ? or * to list all spells.
Aiming: Sandblast (safe; 3% risk of failure)
Press: ? - help, Shift-Dir - straight line, f/p - rat
Aim: a rat (21% to evade)
The blast of sand misses the rat.
The rat bites you.
Casting: Sandblast (safe; 3% risk of failure)
Confirm with . or Enter, or press ? or * to list all spells.
Aiming: Sandblast (safe; 3% risk of failure)
Press: ? - help, Shift-Dir - straight line, f/p - rat
Aim: a rat (21% to evade)
The blast of sand hits the rat!
You kill the rat!
Casting: Sandblast (safe; 3% risk of failure)
Confirm with . or Enter, or press ? or * to list all spells.
Aiming: Sandblast (safe; 3% risk of failure)
Press: ? - help, Shift-Dir - straight line, f - goblin
Aim: a goblin, wielding a +0 club (26% to evade)
You miscast Sandblast.
You are very lightly contaminated with residual magic.
Nothing appears to happen.
The goblin hits you with a +0 club!
You die...

###.....###
#.#.#.### ##
#........ #.. .#
###..#.## #.# .#
#.#.## ... .# #.###
#.###.# #.# #
#.g)#.# #.#
###.###@#.## #.#
...........# #.#
$..#...#..## #.#
.........#########.#
#######............#
##.########### #.#
#.# #.#


You could see a goblin.

Vanquished Creatures
  An ooze (D:1)
  A dart slug (D:1)
  4 hobgoblins (D:1)
  3 kobolds (D:1)
  A bat (D:1)
  5 goblins (D:1)
  4 rats (D:1)
19 creatures vanquished.

Notes
Turn   | Place    | Note
-------+----------+-------------------------------------------
     0 | D:1      | Johnny the Deep Elf Earth Elementalist began the quest for
                  | the Orb.
     0 | D:1      | Reached XP level 1. HP: 10/10 MP: 6/6
   265 | D:1      | Reached XP level 2. HP: 16/16 MP: 4/8
   319 | D:1      | Reached skill level 1 in Fighting
  1115 | D:1      | Slain by a goblin

Illustrated notes

Levels and vault maps discovered:
D:1:      roderic_chinese_lattice_arrival, layout_loops_corners,
          minmay_indecisive_spiral

Skill      XL: |  1  2 |
---------------+-------+-----
Fighting       | 1 |  1.4
Dodging        | |  2.4
Stealth        | |  2.4
Spellcasting   | |  3.5
Transmutations | |  1.1
Earth Magic    | |  3.6

Action                   || total
-------------------------++-------
Melee: Unarmed           ||    16
 Cast: Sandblast         ||    26
 Stab: Sleeping          ||     1
Armor: Robe              ||     5
Dodge: Dodged            ||    15

Table legend: (Time is in decaauts)
 A = Elapsed time spent in this place.
 B = Non-inter-level travel time spent in this place.
 C = Inter-level travel time spent in this place.
 D = Time resting spent in this place.
 E = Time spent auto-exploring this place.
 F = Levels seen in this place.
 G = Mean time per level.
                   A        B        C        D        E       F      G
               +--------+--------+--------+--------+--------+-----+--------+
         Total |   1114 |   1114 |      0 |      0 |   1021 |   1 | 1114.0 |
       Dungeon |   1114 |   1114 |      0 |      0 |   1021 |   1 | 1114.0 |
               +--------+--------+--------+--------+--------+-----+--------+

Top non-repeatable levels by time:
     D:1: 1114 daAuts
